ITL
BIRMINGHAM BARONS @ HAVANA ROLLERS
06/18/2028
 
TOP OF THE 1ST
Birmingham Barons batting - Pitching for Havana Rollers : RHP José García
Pitching: RHP José García
Batting: SHB Tony Echevarría 0-0: Called Strike
0-1: Foul Ball, location: 2F
0-2: Ball
1-2: Foul Ball, location: 2F
1-2: Foul Ball, location: 2F
1-2: Strikes out swinging
Batting: RHB Warren Martin 0-0: Ball
1-0: Called Strike
1-1: Ball
2-1: SINGLE (Groundball, 56) (infield hit)
Batting: RHB Todd Rogers 0-0: Ball
1-0: Ball
2-0: Ball
3-0: Fielders Choice at 2nd, 1-6 (Groundball, 13S)
Batting: RHB Juan Jiménez 0-0: Ball
1-0: Ball
2-0: Ball
3-0: Base on Balls
Todd Rogers to second
Batting: RHB Eric Johnson 0-0: Ball
1-0: Foul Ball, location: 2F
1-1: Foul Ball, location: 2F
1-2: Strikes out swinging
Top of the 1st over - 0 run(s), 1 hit(s), 0 error(s), 2 left on base; Birmingham 0 - Havana 0
BOTTOM OF THE 1ST
Havana Rollers batting - Pitching for Birmingham Barons : LHP Marcos Bautista
Pitching: LHP Marcos Bautista
Batting: LHB José Torres 0-0: Called Strike
0-1: Swinging Strike
0-2: Ball
1-2: Ground out U3 (Groundball, 3L)
Batting: RHB Francisco Rincón 0-0: Ground out U3 (Groundball, 3)
Batting: SHB Pepe Piña 0-0: Ball
1-0: Foul Ball, location: 2F
1-1: Ball
2-1: TRIPLE (Flyball, 8LXD)
Batting: RHB Brant Sherman 0-0: Foul Ball, location: 2F
0-1: Ball
1-1: Ball
2-1: Called Strike
2-2: Ball
3-2: Strikes out swinging
Bottom of the 1st over - 0 run(s), 1 hit(s), 0 error(s), 1 left on base; Birmingham 0 - Havana 0
TOP OF THE 2ND
Birmingham Barons batting - Pitching for Havana Rollers : RHP José García
Batting: RHB Peyton Yardley 0-0: Foul Ball, location: 2F
0-1: Ball
1-1: Ball
2-1: Foul Ball, location: 2F
2-2: Strikes out looking
Batting: LHB Marc May 0-0: Called Strike
0-1: Fly out, F8 (Flyball, 8RD)
Batting: LHB José Rivera 0-0: Ball
1-0: Ball
2-0: Ball
3-0: Called Strike
3-1: Fly out, F3 (Line Drive, 3L)
Top of the 2nd over - 0 run(s), 0 hit(s), 0 error(s), 0 left on base; Birmingham 0 - Havana 0
BOTTOM OF THE 2ND
Havana Rollers batting - Pitching for Birmingham Barons : LHP Marcos Bautista
Batting: SHB Yasuhiro Ikarashi 0-0: Called Strike
0-1: Swinging Strike
0-2: Ball
1-2: Foul Ball, location: 2F
1-2: Fly out, F9 (Flyball, 9LS)
Batting: RHB León Rivera 0-0: Ball
1-0: Fly out, F8 (Flyball, 8LS)
Batting: LHB Zhi-huan Loong 0-0: Ball
1-0: Ground out 4-3 (Groundball, 4)
Bottom of the 2nd over - 0 run(s), 0 hit(s), 0 error(s), 0 left on base; Birmingham 0 - Havana 0
TOP OF THE 3RD
Birmingham Barons batting - Pitching for Havana Rollers : RHP José García
Batting: RHB Vicente Elías 0-0: Called Strike
0-1: Ball
1-1: Called Strike
1-2: Strikes out swinging
Batting: SHB Tony Echevarría 0-0: Ground out 4-3 (Groundball, 4)
Batting: RHB Warren Martin 0-0: Called Strike
0-1: Foul Ball, location: 2F
0-2: Ball
1-2: Foul Ball, location: 2F
1-2: Ball
2-2: Foul Ball, location: 2F
2-2: Ball
3-2: Foul Ball, location: 2F
3-2: Foul Ball, location: 2F
3-2: Ground out 6-3 (Groundball, 6S)
Top of the 3rd over - 0 run(s), 0 hit(s), 0 error(s), 0 left on base; Birmingham 0 - Havana 0
BOTTOM OF THE 3RD
Havana Rollers batting - Pitching for Birmingham Barons : LHP Marcos Bautista
Batting: RHB Chad Case 0-0: Swinging Strike
0-1: Bunted foul
0-2: Ball
1-2: Foul Ball, location: 2F
1-2: Ball
2-2: Fly out, F2 (Popup, 23)
Batting: RHB Soshu Nakamura 0-0: Called Strike
0-1: Swinging Strike
0-2: Fly out, F7 (Line Drive, 7)
Batting: LHB José Torres 0-0: Foul Ball, location: 2F
0-1: Ball
1-1: Ball
2-1: Swinging Strike
2-2: Ground out 4-3 (Groundball, 4)
Bottom of the 3rd over - 0 run(s), 0 hit(s), 0 error(s), 0 left on base; Birmingham 0 - Havana 0
TOP OF THE 4TH
Birmingham Barons batting - Pitching for Havana Rollers : RHP José García
Batting: RHB Todd Rogers 0-0: Foul Ball, location: 2F
0-1: Ball
1-1: DOUBLE (Flyball, 9LM)
Batting: RHB Juan Jiménez 0-0: Foul Ball, location: 2F
0-1: Ball
1-1: Ball
2-1: Fly out, F7 (Flyball, 78S)
Batting: RHB Eric Johnson 0-0: Ball
1-0: Ball
2-0: Called Strike
2-1: Ball
3-1: Fly out, F7 (Flyball, 7)
Batting: RHB Peyton Yardley 0-0: Called Strike
0-1: SINGLE (Line Drive, 7S)
Todd Rogers to third
Runner from 3rd tries for Home, SAFE, no throw
Batting: LHB Marc May 0-0: Ball
1-0: Fielders Choice at 2nd, 6-4 (Groundball, 6)
Top of the 4th over - 1 run(s), 2 hit(s), 0 error(s), 0 left on base; Birmingham 1 - Havana 0
BOTTOM OF THE 4TH
Havana Rollers batting - Pitching for Birmingham Barons : LHP Marcos Bautista
Batting: RHB Francisco Rincón 0-0: Ball
1-0: Swinging Strike
1-1: Ball
2-1: Ball
3-1: Ground out 6-3 (Groundball, 6)
Batting: SHB Pepe Piña 0-0: Ball
1-0: Foul Ball, location: 2F
1-1: Fly out, F7 (Flyball, 7S)
Batting: RHB Brant Sherman 0-0: Ground out 6-3 (Groundball, 6)
Bottom of the 4th over - 0 run(s), 0 hit(s), 0 error(s), 0 left on base; Birmingham 1 - Havana 0
TOP OF THE 5TH
Birmingham Barons batting - Pitching for Havana Rollers : RHP José García
Batting: LHB José Rivera 0-0: SINGLE (Groundball, 34D)
Batting: RHB Vicente Elías 0-0: Ball
1-0: Ball
2-0: Foul Ball, location: 2F
2-1: Ground out 4-3 (Groundball, 34)
José Rivera to second
Batting: SHB Tony Echevarría 0-0: Swinging Strike
0-1: Called Strike
0-2: Ball
1-2: Ball
2-2: Ground out 4-3 (Groundball, 4)
José Rivera to third
Batting: RHB Warren Martin 0-0: Ball
1-0: Ground out 5-3 (Groundball, 5)
Top of the 5th over - 0 run(s), 1 hit(s), 0 error(s), 1 left on base; Birmingham 1 - Havana 0
BOTTOM OF THE 5TH
Havana Rollers batting - Pitching for Birmingham Barons : LHP Marcos Bautista
Batting: SHB Yasuhiro Ikarashi 0-0: Called Strike
0-1: Ball
1-1: SINGLE (Line Drive, 9S)
Batting: RHB León Rivera 0-0: Ball
1-0: Called Strike
1-1: Ball
2-1: DOUBLE (Line Drive, 9LS)
Yasuhiro Ikarashi to third
Batting: LHB Zhi-huan Loong 0-0: Foul Ball, location: 2F
0-1: Called Strike
0-2: Hit by Pitch
Batting: RHB Chad Case 0-0: Ball
1-0: Fly out, F8 (Flyball, 8RXD)
Runner from 3rd tags up, SCORES, no throw
Batting: RHB Soshu Nakamura 0-0: Ball
1-0: Called Strike
1-1: Ball
2-1: Ball
3-1: Foul Ball, location: 2F
3-2: Ground out 5-3 (Groundball, 56S)
León Rivera to third
Zhi-huan Loong to second
Batting: LHB José Torres 0-0: Ball
1-0: Ball
2-0: Ball
3-0: Base on Balls
Batting: RHB Francisco Rincón 0-0: Swinging Strike
0-1: Hit by Pitch
León Rivera scores
Zhi-huan Loong to third
José Torres to second
Batting: SHB Pepe Piña 0-0: Ball
1-0: SINGLE (Line Drive, 7S)
Zhi-huan Loong scores
José Torres to third
Francisco Rincón to second
Runner from 3rd tries for Home, SAFE, no throw
Batting: RHB Brant Sherman 0-0: Called Strike
0-1: Foul Ball, location: 2F
0-2: Foul Ball, location: 2F
0-2: Fly out, F3 (Popup, 3L)
Bottom of the 5th over - 4 run(s), 3 hit(s), 0 error(s), 2 left on base; Birmingham 1 - Havana 4
TOP OF THE 6TH
Birmingham Barons batting - Pitching for Havana Rollers : RHP José García
Batting: RHB Todd Rogers 0-0: Ball
1-0: Foul Ball, location: 2F
1-1: Ball
2-1: Ground out 4-3 (Groundball, 4S)
Batting: RHB Juan Jiménez 0-0: Ball
1-0: Swinging Strike
1-1: Ball
2-1: Foul Ball, location: 2F
2-2: Strikes out swinging
Batting: RHB Eric Johnson 0-0: Called Strike
0-1: Ball
1-1: Hit by Pitch
Pitching: RHP Augusto Muñíz
Batting: RHB Peyton Yardley 0-0: Called Strike
0-1: Ball
1-1: Swinging Strike
1-2: Fielders Choice at 2nd, 6-4 (Groundball, 6)
Top of the 6th over - 0 run(s), 0 hit(s), 0 error(s), 0 left on base; Birmingham 1 - Havana 4
BOTTOM OF THE 6TH
Havana Rollers batting - Pitching for Birmingham Barons : LHP Marcos Bautista
Batting: SHB Yasuhiro Ikarashi 0-0: SINGLE (Groundball, 6MD)
Batting: RHB León Rivera 0-0: Called Strike
0-1: Foul Ball, location: 2F
0-2: Ball
1-2: Strikes out swinging
Pitching: RHP Ken Lyons
Batting: LHB Zhi-huan Loong 0-0: Ball
1-0: Fly out, F9 (Flyball, 9S)
Batting: RHB Chad Case 0-0: Ball
1-0: Called Strike
1-1: Swinging Strike
1-2: Ball
2-2: Ball
3-2: Fly out, F8 (Flyball, 78D)
Bottom of the 6th over - 0 run(s), 1 hit(s), 0 error(s), 1 left on base; Birmingham 1 - Havana 4
TOP OF THE 7TH
Birmingham Barons batting - Pitching for Havana Rollers : RHP Augusto Muñíz
Batting: LHB Marc May 0-0: Foul Ball, location: 2F
0-1: Ball
1-1: Swinging Strike
1-2: Strikes out swinging
Batting: LHB José Rivera 0-0: SINGLE (Line Drive, 8RS)
Batting: RHB Vicente Elías 0-0: Called Strike
0-1: Foul Ball, location: 2F
0-2: Fly out, F6 (Line Drive, 56D)
Batting: SHB Tony Echevarría 0-0: Ball
1-0: Called Strike
1-1: Foul Ball, location: 2F
1-2: Strikes out swinging
Top of the 7th over - 0 run(s), 1 hit(s), 0 error(s), 1 left on base; Birmingham 1 - Havana 4
BOTTOM OF THE 7TH
Havana Rollers batting - Pitching for Birmingham Barons : RHP Ken Lyons
Batting: RHB Soshu Nakamura 0-0: Called Strike
0-1: DOUBLE (Line Drive, 9LM)
Batting: LHB José Torres 0-0: Ball
1-0: Called Strike
1-1: Ball
2-1: Swinging Strike
2-2: Ball
3-2: Foul Ball, location: 2F
3-2: Strikes out swinging
Batting: RHB Francisco Rincón 0-0: Swinging Strike
0-1: Swinging Strike
0-2: Ball
1-2: Strikes out swinging
Batting: SHB Pepe Piña 0-0: Called Strike
0-1: Ground out 6-3 (Groundball, 6)
Bottom of the 7th over - 0 run(s), 1 hit(s), 0 error(s), 1 left on base; Birmingham 1 - Havana 4
TOP OF THE 8TH
Birmingham Barons batting - Pitching for Havana Rollers : RHP Augusto Muñíz
Batting: RHB Warren Martin 0-0: Called Strike
0-1: Foul Ball, location: 2F
0-2: Ball
1-2: Fly out, F9 (Flyball, 9S)
Batting: RHB Todd Rogers 0-0: Swinging Strike
0-1: Called Strike
0-2: Ball
1-2: Ball
2-2: Ball
3-2: Strikes out swinging
Batting: RHB Juan Jiménez 0-0: Called Strike
0-1: Swinging Strike
0-2: Ball
1-2: Ball
2-2: Strikes out swinging
Top of the 8th over - 0 run(s), 0 hit(s), 0 error(s), 0 left on base; Birmingham 1 - Havana 4
BOTTOM OF THE 8TH
Havana Rollers batting - Pitching for Birmingham Barons : RHP Ken Lyons
Batting: RHB Brant Sherman 0-0: Called Strike
0-1: Foul Ball, location: 2F
0-2: Ball
1-2: Ball
2-2: Ball
3-2: Foul Ball, location: 2F
3-2: SINGLE (Flyball, 9LS)
Batting: SHB Yasuhiro Ikarashi 0-0: Foul Ball, location: 2F
0-1: Ball
1-1: Grounds into double play, 6-4-3 (Groundball, 6M)
Batting: RHB León Rivera 0-0: Called Strike
0-1: Ball
1-1: Fly out, F7 (Flyball, 7)
Bottom of the 8th over - 0 run(s), 1 hit(s), 0 error(s), 0 left on base; Birmingham 1 - Havana 4
TOP OF THE 9TH
Birmingham Barons batting - Pitching for Havana Rollers : RHP Augusto Muñíz
Pitching: RHP Valentín Luna
Batting: RHB Eric Johnson 0-0: Called Strike
0-1: Ball
1-1: Ball
2-1: Fly out, F9 (Flyball, 9S)
Batting: RHB Peyton Yardley 0-0: Ball
1-0: SINGLE (Groundball, 56D)
Batting: LHB Marc May 0-0: Ball
1-0: Called Strike
1-1: Foul Ball, location: 2F
1-2: Ball
2-2: SINGLE (Groundball, 4MD)
Peyton Yardley to second
Batting: LHB José Rivera 0-0: Called Strike
0-1: Fielders Choice at 2nd, 1-6 (Groundball, 13)
Peyton Yardley to third
Pinch Hitting: RHB Carlos García 0-0: Foul Ball, location: 2F
0-1: Foul Ball, location: 2F
0-2: Ground out 4-3 (Groundball, 4M)
Top of the 9th over - 0 run(s), 2 hit(s), 0 error(s), 2 left on base; Birmingham 1 - Havana 4
Tuesday, August 8th, 2017 - OOTP Baseball 17.12 Build 75